 Dungeon Crawl Stone Soup version 0.31.0-11-ge490571c62 (webtiles) character file.

Game seed: 7535947535844405574

154 stipulation the Purveyor of Pain (level 5, -6/24 HPs)
             Began as a Vine Stalker Necromancer on Jan 28, 2024.
             Was an Initiate of Kikubaaqudgha.
             Mangled by Edmund
             ... wielding a +4 flail of venom
              (11 damage)
             ... on level 4 of the Dungeon.
             The game lasted 00:05:04 (3609 turns).

stipulation the Purveyor of Pain (VSNe)             Turns: 3609, Time: 00:05:05

Health: -6/24      AC:  2    Str: 11    XL:     5   Next: 35%
Magic:  0/12       EV: 12    Int: 17    God:    Kikubaaqudgha [......]
Gold:   146        SH:  0    Dex: 14    Spells: 11/12 levels left

rFire   . . .        p - +2 dagger (venom)
rCold   . . .        (no shield)
rNeg    . . .        a - +0 robe
rPois   .            (no helmet)
rElec   .            (no cloak)
rCorr   .            (no gloves)
SInv    .            (no boots)
Will    .....        (no amulet)
Stlth   ++           (no ring)
HPRegen 1.04/turn    (no ring)
MPRegen 0.13/turn

%: guardian spirit
@: no status effects
A: fangs 2, regeneration 1, magic shield, antimagic bite, no potion heal 2
a: Renounce Religion


You were on level 4 of the Dungeon.
You worshipped Kikubaaqudgha.
Kikubaaqudgha was noncommittal.
You visited 1 branch of the dungeon, and saw 4 of its levels.

You collected 276 gold pieces.
You spent 130 gold pieces at shops.

Inventory:

Hand Weapons
 h - a +1 short sword of speed
 p - a +2 dagger of venom (weapon)
Armour
 a - a +0 robe (worn)
Jewellery
 n - a ring of resist corrosion
 q - the amulet "Wirghon" {Spirit Harm Regen+}
   (You found it on level 3 of the Dungeon)

   [amulet of guardian spirit]

   Spirit:    It causes incoming damage to be divided between your reserves of
   health and magic.
   Regen+:    It increases your rate of health regeneration.
   Harm:      It increases damage dealt and taken.
Wands
 s - a wand of acid (4)
 v - a wand of flame (10)
Scrolls
 d - a scroll of poison {unknown}
 e - a scroll of enchant weapon {unknown}
 f - a scroll of blinking {unknown}
 g - a scroll of torment {unknown}
 i - a scroll of teleportation {unknown}
 j - a scroll of silence {unknown}
 k - 4 scrolls of fear {unknown}
 l - 2 scrolls of identify {unknown}
 o - a scroll of noise {unknown}
 r - a scroll of immolation {unknown}
 u - a scroll of enchant armour {unknown}
Potions
 b - a potion of magic
 c - 2 potions of haste
 m - a potion of curing
 t - a potion of lignification {unknown}


   Skills:
 - Level 1.5 Dodging
 - Level 2.4 Stealth
 + Level 4.1 Spellcasting
 + Level 5.3 Necromancy


You had 11 spell levels left.
You knew the following spells:

 Your Spells              Type           Power      Damage    Failure   Level
a - Necrotise             Necr           84%        1d8       1%          1

Your spell library contained the following spells:

 Spells                   Type           Power      Damage    Failure   Level
 Vampiric Draining        Necr           21%        2d7       4%          3
 Animate Dead             Necr           21%        N/A       17%         4
 Dazzling Flash           Conj/Hex       6%         N/A       43%         3
 Mephitic Cloud           Conj/Alch/Air  3%         N/A       43%         3
 Curse of Agony           Necr           21%        N/A       43%         5
 Silence                  Hex/Air        1%         N/A       99%         5


Dungeon Overview and Level Annotations

Branches:
Dungeon (4/15)
 Temple: D:4-7

Altars:
Dithmenos
Kikubaaqudgha

Shops:
D:3 [!=[(

Annotations:
D:4 1 runed translucent door, Edmund, Ijyb


Innate Abilities, Weirdness & Mutations

You have extremely sharp teeth.
Your natural rate of healing is unusually fast.
When hurt, damage is shared between your health and your magic reserves.
Your bite disrupts and absorbs the magic of your enemies.
Potions cannot restore your health.


Message History

Press: ? - help, v - describe, . - travel The floor.
Aiming: Corrosive Bolt
Press: ? - help, Shift-Dir - straight line, f - Edmund
Aim: Edmund, wielding a +4 flail of venom and wearing a +0 scale mail (75% to hit)
The bolt of acid hits Edmund.
The acid corrodes Edmund!
Edmund is lightly wounded.
Ijyb shouts!
Aiming: Corrosive Bolt
Press: ? - help, Shift-Dir - straight line, f/p - Edmund
Aim: Edmund, wielding a +4 flail of venom and wearing a +0 scale mail (lightly wounded, covered in acid, 75% to hit)
The bolt of acid hits Edmund!
Edmund seems to be corroded for longer.
Edmund is heavily wounded.
Ijyb zaps a wand.
Your mind is blasted!
Edmund hits you with a +4 flail of venom!
You are poisoned.
Casting: Necrotise (safe; 1% risk of failure)
Confirm with . or Enter, or press ? or * to list all spells.
You don't know that spell.
Unknown command.
Unknown command.
Unknown command.
Casting: Necrotise (safe; 1% risk of failure)
Confirm with . or Enter, or press ? or * to list all spells.
Okay, then.
You aren't wearing any rings or amulets.
Unknown command.
Okay, then.
Okay, then.
Unknown command.
Okay, then.
Your system rejects the healing.
You feel better.
Edmund hits you with a +4 flail of venom!
* * * LOW HITPOINT WARNING * * *
You are lethally poisoned!
Your system rejects the healing.
You feel better.
Edmund hits you with a +4 flail of venom!
You die...
Edmund says, "That'll show my brother!"
Kikubaaqudgha rasps: "You have failed me!
Welcome... death!"

..###... ....... .###.... #......
.#....#...........###....###.....
@..# .......#.......#..........
.### #.......#.#...#.........# ##
#.>....#.#.............# #
#.....................# ######
#......#..........(...#
.....######.....................#
####...........@@.g....#....#####
#######...>...............#
##....).......#######
###..........# #..........#
############


You could see Edmund (corroded) and Ijyb.

Vanquished Creatures
  3 gnolls
  6 adders
  A dart slug (D:1)
  A ribbon worm (D:4)
  2 orcs (D:3)
  5 ball pythons
  5 bats
  4 endoplasms
  2 giant cockroaches
  5 goblins
  5 hobgoblins
  5 jackals
  5 quokkas
  8 frilled lizards
  7 kobolds
  5 rats
69 creatures vanquished.

Notes
Turn   | Place    | Note
-------+----------+-------------------------------------------
     0 | D:1      | stipulation the Vine Stalker Necromancer began the quest
                  | for the Orb.
     0 | D:1      | Reached XP level 1. HP: 9/9 MP: 4/4
   398 | D:1      | Reached XP level 2. HP: 13/13 MP: 3/6
   976 | D:2      | Reached XP level 3. HP: 16/16 MP: 1/8
  1298 | D:2      | Found a faded altar of an unknown god.
  1695 | D:2      | Reached XP level 4. HP: 21/21 MP: 6/10
  2151 | D:3      | Found Noterph's Antique Armour Boutique.
  2208 | D:3      | Found Vocekhlew's Jewellery Shoppe.
  2304 | D:3      | Found Peurr's Distillery.
  2333 | D:2      | Reached skill level 5 in Necromancy
  2432 | D:3      | Bought a potion of curing for 30 gold pieces
  2432 | D:3      | Bought a potion of haste for 100 gold pieces
  2502 | D:3      | Found Jukemy's Armour Shop.
  2609 | D:3      | Identified the amulet "Wirghon" {Spirit Harm Regen+}
  2631 | D:3      | Reached XP level 5. HP: 21/24 MP: 2/11
  2723 | D:3      | Found Muiritat's Weapon Shop.
  2821 | D:3      | Found a shadowy altar of Dithmenos.
  3142 | D:3      | Found an ancient bone altar of Kikubaaqudgha.
  3196 | D:3      | Became a worshipper of Kikubaaqudgha
  3463 | D:4      | Found a runed translucent door.
  3470 | D:4      | Noticed Edmund
  3472 | D:4      | Noticed Ijyb
  3609 | D:4      | Mangled by Edmund

Illustrated notes

Levels and vault maps discovered:
D:1:      dpeg_arrival_circle_labyrinth_a, layout_basic,
          chequers_serial_rivers_large_b
D:2:      layout_basic, shapermc_ecumenical_altar_mp_urbaneastern
D:3:      layout_basic, grunt_dithmenos_smoke, amcnicky_altar_gilded,
          serial_curves, eino_curves_03, eino_curves_02, serial_shops, shop,
          nicolae_shop_hallway_stairs, nicolae_shop_crystal, shop,
          nicolae_shop_peninsula, serial_bayou_lagoon_a
D:4:      layout_rooms, evilmike_ruin_ashenzari, hellmonk_ghost_happy_afterlife,
          uniq_ijyb, uniq_edmund

Skill      XL: |  1  2  3  4  5 |
---------------+----------------+-----
Spellcasting   | 3 4 |  4.1
Necromancy     | 5 |  5.3
Dodging        | |  1.5
Stealth        | |  2.4

Action                     |  1- 3 |  4- 6 || total
---------------------------+-------+-------++-------
  Melee: Unarmed           |    13 |       ||    13
         Bite              |     5 |     3 ||     8
         Short sword       |     1 |       ||     1
         Dagger            |       |     9 ||     9
   Cast: Necrotise         |    65 |    80 ||   145
  Evoke: Wand              |       |     2 ||     2
    Use: Potion            |       |     2 ||     2
 Armour: Robe              |    19 |    27 ||    46
  Dodge: Dodged            |    20 |    27 ||    47
